 Dungeon Crawl Stone Soup version 0.31-b1-18-g61460d1e46 (webtiles) character file.

Game seed: 10255122241595229003

602 jondo1214 the Grave Robber (level 7, -5/51 HPs)
             Began as a Demonspawn Necromancer on Jan 16, 2024.
             Slain by a mummy (8 damage)
             ... in an ossuary.
             The game lasted 00:15:53 (3522 turns).

jondo1214 the Grave Robber (Demonspawn Necromancer) Turns: 3522, Time: 00:15:55

Health: -5/51      AC:  8    Str:  8    XL:     7   Next: 18%
Magic:  9/12       EV: 12    Int: 18    God:
Gold:   98         SH:  0    Dex: 13    Spells: 2/12 levels left

rFire   . . .        g - +4 quarterstaff (chaos)
rCold   . . .        (shield currently unavailable)
rNeg    . . .        a - +1 robe
rPois   .            (no helmet)
rElec   .            h - +1 cloak
rCorr   .            p - +0 pair of gloves
SInv    .            (no boots)
Will    .....        (no amulet)
Stlth   ++           f - ring of wizardry
HPRegen 3.28/turn    o - ring of wizardry
MPRegen 0.13/turn

%: wizardry (x2)
@: no status effects
A: icy blue scales 1, ignite blood 1, powered by death 1
a: no special abilities


You were in an ossuary.
You visited 1 branch of the dungeon, and saw 5 of its levels.
You also visited: Ossuary.

You collected 98 gold pieces.

Inventory:

Hand Weapons
 g - a +4 quarterstaff of chaos (weapon)
 i - a +1 falchion
 l - a +0 short sword
Armour
 a - a +1 robe (worn)
 e - a +0 leather armour
 h - a +1 cloak (worn)
 p - a +0 pair of gloves (worn)
Magical Staves
 q - a staff of alchemy
 r - a staff of fire
Jewellery
 c - a ring of positive energy
 f - a ring of wizardry (left hand)
 o - a ring of wizardry (right hand)
Scrolls
 k - 2 scrolls of fear
 n - a scroll of identify
 s - a scroll of blinking {unknown}
Potions
 b - a potion of magic
 d - a potion of mutation
 j - a potion of heal wounds {unknown}
 m - a potion of invisibility {unknown}


   Skills:
 * Level 2.3 Fighting
 + Level 0.7 Short Blades
 + Level 1.8 Staves
 * Level 2.1 Armour
 + Level 2.6 Dodging
 * Level 3.7 Stealth
 * Level 3.4 Spellcasting
 * Level 5.7 Necromancy
 + Level 0.1 Fire Magic


You had 2 spell levels left.
You knew the following spells:

 Your Spells              Type           Power      Damage    Failure   Level
a - Necrotise             Necr           92%        1d8       1%          1
b - Vampiric Draining     Necr           23%        2d7       1%          3
c - Animate Dead          Necr           23%        N/A       4%          4
d - Scorch                Fire           6%         2d5       6%          2

Your spell library contained the following spells:

 Spells                   Type           Power      Damage    Failure   Level
 Sublimation of Blood     Necr           23%        N/A       1%          2
 Call Imp                 Summ           6%         N/A       7%          2
 Lesser Beckoning         Tloc           6%         N/A       7%          2
 Curse of Agony           Necr           23%        N/A       11%         5
 Gell's Gravitas          Tloc           3%         N/A       13%         3
 Teleport Other           Tloc           3%         N/A       13%         3
 Martyr's Knell           Necr/Summ      13%        N/A       13%         4
 Flame Wave               Conj/Fire      3%         2d5       36%         4
 Summon Cactus Giant      Summ           1%         N/A       99%         6
 Summon Hydra             Summ           1%         N/A       100%        7


Dungeon Overview and Level Annotations

Branches:
Dungeon (6/15)            Ossuary (1/1)
 Temple: D:4-7

Altars:
Gozag
Uskayaw
Xom

Shops:
D:2 *


Innate Abilities, Weirdness & Mutations

You are partially covered in icy blue scales. (AC +2)
Your demonic aura sometimes causes spilled blood to erupt in flames.
You regenerate a little health from kills.


Message History

The mummy hits you but does no damage.
You barely miss the mummy.
The mummy is severely damaged.
The gnoll zombie misses you. The mummy misses you.
The orc zombie completely misses you. The mummy misses you.
The mummy closely misses you.
You sock the mummy!
You destroy the mummy!
The gnoll zombie misses you. The orc zombie barely misses you.
The mummy closely misses you.
You hit the gnoll zombie.
The gnoll zombie is severely damaged.
A mummy comes into view.
The mummy hits you! The gnoll zombie closely misses you. The mummy misses you.
The orc zombie is engulfed in blazing flames.
You destroy the orc zombie!
You sock the gnoll zombie!
You destroy the gnoll zombie!
The mummy hits you but does no damage. The mummy hits you!
The mummy barely misses you.
You hit the hobgoblin zombie.
The hobgoblin zombie seems to grow stronger.
The hobgoblin zombie is severely damaged.
The hobgoblin zombie hits you. The mummy misses you.
The gnoll zombie is engulfed in blazing flames.
You destroy the gnoll zombie!
The mummy misses you.
You barely miss the hobgoblin zombie.
The hobgoblin zombie is severely damaged.
The hobgoblin zombie hits you. The mummy hits you but does no damage.
The mummy hits you!
* * * LOW HITPOINT WARNING * * *
You sock the hobgoblin zombie!
You destroy the hobgoblin zombie!
The mummy hits you.
* * * LOW HITPOINT WARNING * * *
The mummy closely misses you. The mummy barely misses you.
A mummy comes into view.
The mummy hits you!
You die...

..M ##..## .....
...##....##.....
................
....M..........
.............
#.....Z..#
#...MMM# #..M@#
#..Z.# #....#
#....# #....#
#....# #....#
#....# #.∩∩.#


You could see 6 mummies, a gnoll zombie and an orc zombie.

Vanquished Creatures
  A sky beast (D:6)
  A centaur (D:6)
  A scorpion (D:4)
  2 orc priests (D:3)
  A jelly (D:3)
  A hound (D:6)
  Crazy Yiuf (D:2)
  A human skeleton (D:6)
  2 orc wizards
  2 mummies (Ossuary)
  5 adders
  A dart slug (D:2)
  11 orcs
  5 bats
  5 endoplasms
  4 giant cockroaches (D:2)
  4 goblins
  10 hobgoblins
  5 jackals (D:1)
  5 kobolds
  A quokka (D:2)
  5 ball pythons
  2 frilled lizards
  2 gnoll zombies (Ossuary)
  2 hobgoblin zombies (Ossuary)
  A kobold zombie (Ossuary)
  An orc zombie (Ossuary)
  7 rats
89 creatures vanquished.

Vanquished Creatures (collateral kills)
  A jackal (D:1)
  A bat (D:2)
2 creatures vanquished.

Vanquished Creatures (others)
  4 orc zombies (D:3)
4 creatures vanquished.

Grand Total: 95 creatures vanquished

Notes
Turn   | Place    | Note
-------+----------+-------------------------------------------
     0 | D:1      | jondo1214 the Demonspawn Necromancer began the quest for
                  | the Orb.
     0 | D:1      | Reached XP level 1. HP: 13/13 MP: 3/3
   229 | D:1      | Gained mutation: You are partially covered in icy blue
                  | scales. (AC +2) [demonic ancestry]
   229 | D:1      | Reached XP level 2. HP: 15/20 MP: 1/5
  1282 | D:2      | Found a shimmering altar of Xom.
  1350 | D:2      | Reached XP level 3. HP: 25/25 MP: 3/6
  1372 | D:2      | Learned a level 3 spell: Vampiric Draining
  1386 | D:2      | Reached skill level 5 in Necromancy
  1530 | D:2      | Reached skill level 1 in Fighting
  1657 | D:2      | Reached XP level 4. HP: 32/32 MP: 7/7
  1773 | D:2      | Learned a level 4 spell: Animate Dead
  2138 | D:2      | Found Cuvoff's General Store.
  2260 | D:2      | Found a runed translucent door.
  2261 | D:2      | Noticed Crazy Yiuf
  2267 | D:2      | Killed Crazy Yiuf
  2268 | D:2      | Reached skill level 1 in Armour
  2447 | D:3      | Gained mutation: Your demonic aura sometimes causes spilled
                  | blood to erupt in flames. [demonic ancestry]
  2447 | D:3      | Reached XP level 5. HP: 35/37 MP: 4/9
  2653 | D:3      | Learned a level 2 spell: Scorch
  2703 | D:3      | Found an opulent altar of Gozag.
  2817 | D:3      | Found a faded altar of an unknown god.
  2938 | D:3      | Identified the +5 sling "Hynuew" {flame, rF+ rCorr Int-4
                  | Dex+2}
  3047 | D:3      | Reached skill level 1 in Staves
  3101 | D:4      | Reached XP level 6. HP: 44/44 MP: 10/10
  3164 | D:4      | Noticed a +0 hand axe
  3164 | D:4      | Noticed a +0 dagger
  3165 | D:4      | Found a hide-covered altar of Uskayaw.
  3189 | D:4      | You fall into a shaft and drop 2 floors!
  3283 | D:6      | Noticed a sky beast
  3289 | D:6      | Killed a sky beast
  3290 | D:6      | Gained mutation: You regenerate a little health from kills.
                  | [demonic ancestry]
  3290 | D:6      | Reached XP level 7. HP: 19/51 MP: 1/12
  3490 | D:6      | Found a sand-covered staircase.
  3496 | Ossuary  | Entered an ossuary
  3522 | Ossuary  | Slain by a mummy

Illustrated notes

Levels and vault maps discovered:
D:1:      dpeg_arrival_stone_temple_mockup, layout_basic
D:2:      layout_loops_ring, basic_altar, serial_shops, nicolae_lakefront_shop,
          minmay_cut_off, uniq_crazy_yiuf_cottage
D:3:      layout_rooms, grunt_gozag_statues, basic_ecumenical_altar
D:4:      layout_basic, dancing_weapons_uskayaw, grunt_ministairs_3,
          solitary_fountain
D:6:      layout_rooms, grunt_temple_overflow_open,
          nicolae_ossuary_entry_catacombs
Ossuary:  ossuary_tomb_3

Skill      XL: |  1  2  3  4  5  6 |
---------------+-------------------+-----
Dodging        | 2 |  2.6
Necromancy     | 5 |  5.7
Stealth        | 2 3 |  3.7
Fighting       | 1 2 |  2.3
Armour         | 1 2 |  2.1
Spellcasting   | 3 |  3.4
Staves         | 1 |  1.8
Short Blades   | |  0.7
Fire Magic     | |  0.1

Action                     |  1- 3 |  4- 6 |  7- 9 || total
---------------------------+-------+-------+-------++-------
  Melee: Unarmed           |    14 |       |       ||    14
         Dagger            |    35 |       |       ||    35
         Falchion          |    14 |       |       ||    14
         Short sword       |    59 |    45 |       ||   104
         Punch             |     1 |       |       ||     1
         Quarterstaff      |       |    75 |    30 ||   105
   Cast: Necrotise         |    29 |     8 |       ||    37
         Vampiric Draining |       |     7 |       ||     7
         Animate Dead      |       |     1 |       ||     1
         Scorch            |       |     2 |     3 ||     5
    Use: Scroll            |       |    11 |     1 ||    12
   Stab: Sleeping          |     4 |     4 |       ||     8
         Distracted        |       |     2 |       ||     2
         Confused          |       |       |     1 ||     1
 Armour: Robe              |    67 |   102 |    36 ||   205
  Dodge: Dodged            |    74 |    92 |    42 ||   208
